 Dungeon Crawl Stone Soup version 0.26.1-2-gb8aa6d0cf2 (webtiles) character file.

Game seed: 1133928408286483897

1017 DearestLeader the Spear-Bearer (level 8, -5/52 HPs)
             Began as a Merfolk Ice Elementalist on Mar 22, 2021.
             Was an Initiate of Vehumet.
             Slain by an ice beast (9 damage)
             ... on level 5 of the Dungeon.
             The game lasted 00:11:52 (6648 turns).

DearestLeader the Spear-Bearer (MfIE)               Turns: 6648, Time: 00:11:53

Health: -5/52      AC:  6    Str:  9    XL:     8   Next: 22%
Magic:  11/11      EV: 16    Int: 16    God:    Vehumet [......]
Gold:   350        SH:  0    Dex: 14    Spells: 4/11 levels left

rFire    . . .     SeeInvis .   q - -3 spear (curse)
rCold    . . .     Faith    .   (no shield)
rNeg     . . .     Spirit   .   w - +0 leather armour
rPois    .         Reflect  .   (no helmet)
rElec    .         Harm     .   k - +0 cloak
rCorr    .         Rampage  .   f - +0 pair of gloves
Will     .....                  y - +0 pair of boots {Fly}
Stlth    ++........             (no amulet)
HPRegen  0.17/turn              h - +4 ring of evasion
MPRegen  0.12/turn              (no ring)

@: mighty, flying
A: change form in water, swift swim, stealthy swim
a: Stop Flying, Renounce Religion


You were on level 5 of the Dungeon.
You worshipped Vehumet.
Vehumet was noncommittal.
You visited 2 branches of the dungeon, and saw 7 of its levels.

You collected 350 gold pieces.

Inventory:

Hand Weapons
 q - a cursed -3 spear (weapon)
 r - a +0 hunting sling
 u - a +0 hand crossbow
 v - a +0 long sword of venom
 x - a +0 spear
Armour
 e - a +0 pair of boots
 f - a +0 pair of gloves (worn)
 k - a +0 cloak (worn)
 w - a +0 leather armour (worn)
 y - a +0 pair of boots of flying (worn)
Jewellery
 h - a +4 ring of evasion (left hand)
Scrolls
 b - 3 scrolls of amnesia
 i - a scroll of magic mapping
 l - 2 scrolls of teleportation
 m - a scroll of enchant armour
 p - a scroll of fog
 s - a scroll of fear
Potions
 a - a potion of attraction
 c - 3 potions of curing
 d - a potion of brilliance
 g - a potion of resistance
 n - 3 potions of haste
 o - a potion of degeneration {unknown}


   Skills:
 * Level 11.7 Polearms
 - Level 2.6 Dodging
 - Level 2.1 Stealth
 - Level 2.0 Spellcasting
 - Level 6.0 Ice Magic


You had 4 spell levels left.
You knew the following spells:

 Your Spells              Type           Power        Failure   Level
a - Freeze                Ice            80%          2%          1
b - Frozen Ramparts       Ice            40%          8%          3
c - Ozocubu's Armour      Ice            20%          8%          3

Your spell library contained the following spells:

 Spells                   Type           Power        Failure   Level
 Animate Skeleton         Necr           2%           28%         1
 Apportation              Tloc           2%           28%         1
 Corona                   Hex            1%           28%         1
 Pain                     Necr           4%           28%         1
 Summon Small Mammal      Summ           4%           28%         1
 Hailstorm                Conj/Ice       11%          63%         4
 Summon Ice Beast         Ice/Summ       11%          63%         4
 Vampiric Draining        Necr           0%           65%         3
 Animate Dead             Necr           0%           96%         4
 Agony                    Necr           1%           100%        5


Dungeon Overview and Level Annotations

Branches:
Dungeon (6/15)             Temple (1/1) D:5

Altars:
Cheibriados
Gozag
Hepliaklqana
Makhleb
Sif Muna
Trog
Vehumet
Wu Jian
Zin


Message History

The ice beast is severely wounded.
The ice beast completely misses you.
You hit the ice beast.
The ice beast is severely wounded.
You hit the ice beast but do no damage.
The ice beast is severely wounded.
The ice beast closely misses you.
You hit the ice beast but do no damage.
The ice beast is severely wounded.
You feel very mighty all of a sudden. The ice beast hits you.
* * * LOW HITPOINT WARNING * * *
The ice beast freezes you!
* * * LOW HITPOINT WARNING * * *
You hit the ice beast.
The ice beast is severely wounded.
The ice beast hits you.
* * * LOW HITPOINT WARNING * * *
The ice beast freezes you!
You die...

############## ########
#............#######......#
#......).....+.....'......#
#............#...>.#...)..#
#............#.....#...)..#
#............#'#####......#####
########......)...####'#.......
#......Y)..#....#.......
#......@..<#....#.......
#..........#....#..(....
#..........#....'.......
#..........#....#.......
#..........#....#.......
#..........#............
########..........##.8.8.8.....
#.......########......⌠.⌠...###
#.......# #.....8.>.8.....


You could see an ice beast.

Vanquished Creatures
  A sky beast (D:5)
  4 ogres
  A centaur (D:6)
  A bullfrog (D:6)
  2 scorpions
  A howler monkey (D:3)
  An orc wizard (D:6)
  A bullfrog skeleton (D:4)
  An iguana (D:4)
  4 worker ants
  3 adders
  A shadow imp (D:5)
  An ooze (D:1)
  3 worms
  2 dart slugs
  3 leopard geckos
  13 orcs
  2 giant cockroaches
  7 goblins
  3 hobgoblins
  4 jackals
  A quokka (D:3)
  11 bats
  A frilled lizard (D:2)
  2 kobolds
  2 leopard gecko zombies
  5 rats
81 creatures vanquished.

Notes
Turn   | Place    | Note
-------+----------+-------------------------------------------
     0 | D:1      | DearestLeader the Merfolk Ice Elementalist began the quest
                  | for the Orb.
     0 | D:1      | Reached XP level 1. HP: 13/13 MP: 3/3
   713 | D:1      | Reached XP level 2. HP: 19/19 MP: 1/5
   811 | D:1      | Reached skill level 5 in Ice Magic
  1398 | D:2      | Reached XP level 3. HP: 24/24 MP: 0/6
  1402 | D:2      | Learned a level 3 spell: Frozen Ramparts
  2437 | D:3      | Reached XP level 4. HP: 29/30 MP: 2/7
  2511 | D:3      | Reached skill level 1 in Polearms
  2713 | D:3      | Reached skill level 3 in Polearms
  3286 | D:4      | Reached skill level 4 in Polearms
  3286 | D:4      | Reached XP level 5. HP: 28/35 MP: 2/8
  3434 | D:4      | Noticed an ogre
  3445 | D:4      | Killed an ogre
  3446 | D:4      | Reached skill level 6 in Polearms
  3446 | D:4      | Reached XP level 6. HP: 41/41 MP: 1/9
  3450 | D:4      | Learned a level 3 spell: Ozocubu's Armour
  3605 | D:4      | Reached skill level 7 in Polearms
  3666 | D:4      | Reached skill level 8 in Polearms
  3796 | D:4      | Reached XP level 7. HP: 46/46 MP: 2/10
  4183 | D:4      | Reached skill level 9 in Polearms
  4584 | D:5      | Entered Level 5 of the Dungeon
  5156 | D:5      | Found a staircase to the Ecumenical Temple.
  5165 | Temple   | Entered the Ecumenical Temple
  5171 | Temple   | Became a worshipper of Vehumet
  5336 | D:5      | Reached skill level 10 in Polearms
  5756 | D:5      | Found a snail-covered altar of Cheibriados.
  6126 | D:6      | Reached skill level 11 in Polearms
  6126 | D:6      | Reached XP level 8. HP: 42/52 MP: 6/11
  6648 | D:5      | Slain by an ice beast

Illustrated notes

Levels and vault maps discovered:
D:1:      kilobyte_arrival_exit_the_forest, layout_loops_ring, st_stairs_9
D:2:      layout_loops_cross
D:3:      layout_loops_ring
D:4:      layout_loops_ring, grunt_ministairs_10
D:5:      layout_gridville, nicolae_overflow_hidden_temple,
          minmay_temple_entry_statues_fountains, serial_rivers,
          chequers_serial_rivers_small_a, chequers_serial_rivers_room_b,
          chequers_serial_rivers_room_b, chequers_serial_rivers_marsh,
          chequers_serial_rivers_micro_e
D:6:      layout_loops_ring, basic_altar, elyvilon_altar_1
Temple:   eino_narrow_crystal_temple

Skill      XL: |  1  2  3  4  5  6  7 |
---------------+----------------------+-----
Ice Magic      | 5 6 |  6.0
Polearms       | 4 6 8 11 | 11.7
Dodging        | |  2.6
Stealth        | |  2.1
Spellcasting   | |  2.0

Action                   |  1- 3 |  4- 6 |  7- 9 || total
-------------------------+-------+-------+-------++-------
Melee: Dagger            |    43 |    38 |   106 ||   187
       Unarmed           |     2 |       |       ||     2
       Whip              |     6 |       |       ||     6
       Spear             |       |       |   175 ||   175
 Cast: Freeze            |    36 |    15 |    10 ||    61
       Frozen Ramparts   |     7 |    12 |    14 ||    33
       Ozocubu's Armour  |       |       |     7 ||     7
  Use: Scroll            |     3 |     4 |     7 ||    14
       Potion            |       |       |     1 ||     1
 Stab: Sleeping          |     8 |       |     2 ||    10
Armor: Robe              |     9 |     4 |     1 ||    14
       Leather armour    |       |       |    53 ||    53
Dodge: Dodged            |    66 |    48 |   151 ||   265
